 Dungeon Crawl Stone Soup version 0.22-a0-274-gf8199ec (webtiles) character file.

39 neds the Chucker (level 3, 0/33 HPs)
             Began as a Troll Hunter on Mar 14, 2018.
             Killed from afar by Sigmund (10 damage)
             ... with a magic dart
             ... on level 2 of the Dungeon.
             The game lasted 00:03:17 (849 turns).

neds the Chucker (Troll Hunter)                      Turns: 849, Time: 00:03:18

Health: 0/33       AC:  5    Str: 20    XL:     3   Next: 28%
Magic:  2/2        EV: 10    Int:  7    God:
Gold:   37         SH:  0    Dex: 11    Spells: 2/2 levels left

rFire    . . .     SeeInvis .     - Unarmed
rCold    . . .     Gourm    +   (no shield)
rNeg     . . .     Faith    .   b - +0 robe
rPois    .         Spirit   .   (helmet restricted)
rElec    .         Reflect  .   (no cloak)
rCorr    .         Harm     .   (gloves unavailable)
MR       .....                  (boots unavailable)
Stlth    +.........             (no amulet)
HPRegen  0.51/turn              (no ring)
MPRegen  0.08/turn              (no ring)

@: confused
A: large, unfitting armour, claws 3, fast metabolism 3, gourmand, regeneration
1, shaggy fur 1, tough skin 2
a: no special abilities


You were on level 2 of the Dungeon.
You were full.

You visited 1 branch of the dungeon, and saw 2 of its levels.

You collected 37 gold pieces.

Inventory:

Hand Weapons
 a - a +0 short sword
Missiles
 d - 2 throwing nets (quivered)
Armour
 b - a +0 robe (worn)
Jewellery
 n - a +4 ring of protection {unknown}
Scrolls
 e - a scroll of teleportation {unknown}
 i - 2 scrolls of identify {unknown}
 j - a scroll of fog {unknown}
 k - 2 scrolls of remove curse {unknown}
 l - a scroll of immolation {unknown}
 m - a scroll of enchant armour {unknown}
Potions
 g - a potion of curing {unknown}
 h - a potion of magic {unknown}
Comestibles
 f - 2 rations
 o - a chunk of flesh


   Skills:
 - Level 1.5 Fighting
 - Level 3.6 Throwing
 - Level 1.5 Dodging
 - Level 0.3 Stealth
 + Level 3.0 Unarmed Combat


You had 2 spell levels left.
You didn't know any spells.

Dungeon Overview and Level Annotations

Branches:
Dungeon (2/15)

Altars:

Annotations:
D:2 Sigmund


Innate Abilities, Weirdness & Mutations

You are too large for most types of armour.
You have claws for hands.
Your metabolism is lightning-fast.
You like to eat raw meat.
Your natural rate of healing is unusually fast.
You are covered in fur. (AC +1)
You have very tough skin. (AC +2)


Message History

Sigmund hits you from afar with a scythe.
Throwing (i - inventory. (/) - cycle)
c - a large rock (quivered)
Press: ? - help, Shift-Dir - straight line, f/p - Sigmund
Aim: Sigmund, wielding a scythe and wearing a robe (almost dead)
You throw a large rock. The large rock barely misses Sigmund.
Sigmund hits you but does no damage. Sigmund barely misses you.
Sigmund mumbles some strange words.
Sigmund flickers and vanishes!
Deactivating autopickup; reactivate with Ctrl-A.
You hear some strange, mumbled words.
You are confused.
You bump into the rock wall.
You hear some strange, mumbled words.
A magic dart appears from out of thin air!
The magic dart hits you!
* * * LOW HITPOINT WARNING * * *
A magic dart appears from out of thin air!
The magic dart hits you!
You die...

###.######## ..(..(.(...#
###### ..#.######.#
#..... #.# #.#### #.#
#..... . #@# #.###.
##.#####.##### ##.###.
≈≈≈.≈.≈..≈...# #......
.≈.).≈≈÷.≈≈≈.# #.#....
≈≈≈≈≈≈≈≈≈≈≈..# #...###
..≈≈≈≈≈≈≈≈≈..## ##.####
≈≈≈≈≈≈≈≈≈≈≈.≈.# #.....
.≈≈≈≈g♣♣≈≈≈...######....#
..≈≈≈._.≈≈≈≈≈............


You could see a goblin.

Vanquished Creatures
  An adder (D:2)
  A worm (D:2)
  3 dart slugs (D:1)
  2 giant cockroaches
  3 goblins
  A hobgoblin (D:1)
  2 bats (D:1)
  4 frilled lizards
  3 kobolds (D:1)
  5 rats
25 creatures vanquished.

Notes
Turn   | Place    | Note
-------+----------+-------------------------------------------
     0 | D:1      | neds the Troll Hunter began the quest for the Orb.
     0 | D:1      | Reached XP level 1. HP: 19/19 MP: 0/0
    97 | D:1      | Reached skill level 1 in Unarmed Combat
   260 | D:1      | Reached XP level 2. HP: 27/27 MP: 1/1
   756 | D:2      | Reached XP level 3. HP: 33/33 MP: 2/2
   784 | D:2      | Found a faded altar of an unknown god.
   831 | D:2      | Noticed Sigmund
   849 | D:2      | Killed from afar by Sigmund

Vault maps used:
D:1:      minmay_arrival_open_corners, minmay_liquid_box
D:2:      chequers_ecumenical_altar_island, uniq_sigmund

Skill      XL: |  1  2  3 |
---------------+----------+-----
Unarmed Combat | 1 2 3 |  3.0
Fighting       | |  1.5
Throwing       | |  3.6
Dodging        | |  1.5
Stealth        | |  0.3

Action                   || total
-------------------------++-------
Melee: Unarmed           ||    70
       Punch             ||     1
Throw: Large rock        ||     6
 Stab: Sleeping          ||     1
  Eat: Chunk             ||    10
Armor: Robe              ||    17
Dodge: Dodged            ||    29

Table legend:
 A = Spawn XP
 B = Non-spawn XP
 C = Spawn XP percentage of total XP
 D = Spawn monster count
 E = Non-spawn monster count
 F = Spawn count percentage of total count
 G = Total turns spent on level
                    A         B        C        D         E        F      G
               +---------+---------+-------+---------+---------+-------+---------
         Total |       0 |      57 |   0.0 |       0 |      25 |   0.0 |   849
               +---------+---------+-------+---------+---------+-------+---------
           D:1 |       0 |      32 |   0.0 |       0 |      18 |   0.0 |   602
           D:2 |       0 |      25 |   0.0 |       0 |       7 |   0.0 |   247
               +---------+---------+-------+---------+---------+-------+---------
